 Dungeon Crawl Stone Soup version 0.21-a0-352-g5b8f553 (webtiles) character file.

1350 tof the Chopper (level 8, -7/70 HPs)
             Began as a Minotaur Monk on Oct 10, 2017.
             Mangled by an ogre
             ... wielding a +0 giant club
              (23 damage)
             ... on level 5 of the Dungeon on Oct 11, 2017.
             The game lasted 00:09:03 (4087 turns).

tof the Chopper (Minotaur Monk)                     Turns: 4087, Time: 00:09:03

Health: -7/70      AC: 13    Str: 16    XL:     8   Next: 36%
Magic:  7/7        EV:  7    Int:  7    God:
Gold:   181        SH: 10    Dex: 15    Spells: 7/7 levels left

rFire    . . .     SeeInvis .   a - +0 hand axe
rCold    . . .     Gourm    .   q - +2 buckler
rNeg     . . .     Faith    .   f - +0 plate armour
rPois    .         Spirit   .   (helmet restricted)
rElec    .         Reflect  .   (no cloak)
rCorr    .         Harm     .   (no gloves)
MR       +....     Rnd*Tele +   (no boots)
Stlth    ..........             (no amulet)
HPRegen  0.21/turn              l - ring of loudness (curse)
MPRegen  0.10/turn              p - ring of teleportation (curse)

@: no status effects
A: retaliatory headbutt, horns 2, large bone plates 1, magic resistance 1
a: no special abilities


You were on level 5 of the Dungeon.
You were not hungry.

You visited 2 branches of the dungeon, and saw 6 of its levels.

You collected 181 gold pieces.

Inventory:

Hand Weapons
 a - a +0 hand axe (weapon)
Armour
 f - a +0 plate armour (worn)
 q - a +2 buckler (worn)
Jewellery
 l - a cursed ring of loudness (left hand)
 p - a cursed ring of teleportation (right hand)
Wands
 r - a wand of polymorph (7/24)
Scrolls
 b - a scroll of magic mapping
 h - a scroll of fear {unknown}
 k - a scroll of remove curse {unknown}
 n - a scroll of fog
Potions
 e - a potion of might {unknown}
 g - a potion of haste
 i - 2 potions of heal wounds
 j - 3 potions of flight
 m - a potion of agility
Comestibles
 c - 5 bread rations
 d - a meat ration
 o - a fruit
 s - 5 chunks of flesh


   Skills:
 + Level 6.0 Fighting
 * Level 7.8 Axes
 * Level 6.7 Armour
 + Level 5.5 Dodging
 - Level 1.5 Stealth
 + Level 2.4 Shields


You had 7 spell levels left.
You didn't know any spells.

Dungeon Overview and Level Annotations

Branches:
Dungeon (5/15)             Temple (1/1) D:4

Altars:
Cheibriados
Dithmenos
Elyvilon
Fedhas
Gozag
Hepliaklqana
Kikubaaqudgha
Makhleb
Nemelex Xobeh
Okawaru
Qazlal
Ru
Trog
Uskayaw
Vehumet
Xom
Yredelemnul

Annotations:
D:5 Edmund, Ijyb


Innate Abilities, Weirdness & Mutations

You reflexively headbutt those who attack you in melee.
You have a pair of horns on your head.
You are partially covered in large bone plates. (SH +4)
You are resistant to hostile enchantments. (MR+)


Message History

You kill the ogre!
Items here: ( )) † a giant club; 14 arrows; a shortbow; a centaur corpse You butcher the centaur corpse.
s - 5 chunks of flesh
Items here: ( )) ÷ a giant club; 14 arrows; a shortbow; a centaur skeleton You start resting.
You are suddenly yanked towards a nearby monster!
Your surroundings suddenly seem different.
Edmund the Younger comes into view.
He is wielding a dire flail of holy wrath.
Edmund shouts!
Found a fuming grey potion. 2 gnolls come into view.
The gnoll shouts!
Found a meat ration.
An ogre comes into view. It is wielding a giant club.
The ogre shouts!
The ogre hits you with a giant club!!
You die...

#.# ##.# #.# #.#
# #.# ##.#.# #.#
#####....### #.#
#....g.......
#.#
#.###......%..
#.### #.#
##.####### #.?.#
########.# #.#
#...........O@.#
#.#
###?############
#.# .# .# .# .#
.# ..


You could see an ogre.

Vanquished Creatures
  The ghost of nht the Skirmisher, an amateur OgHu (D:4)
  Duvessa (D:5)
  An ice beast (D:5)
  2 ogres
  2 centaurs
  Blork the orc (D:4)
  Dowan (D:5)
  2 scorpions (D:4)
  A hound (D:4)
  A centaur skeleton (D:4)
  3 iron imps (D:4)
  2 iguanas
  3 worker ants
  A hound skeleton (D:4)
  A worker ant zombie (D:5)
  A gnoll (D:1)
  6 adders
  3 worms
  5 dart slugs
  A leopard gecko (D:2)
  2 orcs (D:3)
  8 bats
  3 giant cockroaches (D:3)
  3 goblins (D:1)
  4 hobgoblins
  4 jackals (D:1)
  6 kobolds
  A ball python (D:3)
  5 frilled lizards
  A quokka zombie (D:5)
  7 rats
83 creatures vanquished.

Notes
Turn   | Place    | Note
-------+----------+-------------------------------------------
     0 | D:1      | tof the Minotaur Monk began the quest for the Orb.
     0 | D:1      | Reached XP level 1. HP: 19/19 MP: 0/0
   150 | D:1      | Reached skill level 1 in Armour
   191 | D:1      | Reached XP level 2. HP: 20/27 MP: 1/1
   257 | D:1      | Reached skill level 4 in Axes
   527 | D:1      | Reached XP level 3. HP: 32/33 MP: 2/2
  1394 | D:3      | Found a stormy altar of Qazlal.
  1421 | D:3      | Reached XP level 4. HP: 37/40 MP: 3/3
  1738 | D:3      | Gained mutation: You are resistant to hostile enchantments. (MR+) [potion of mutation]
  1738 | D:3      | Gained mutation: You are partially covered in large bone plates. (SH +4) [potion of mutation]
  2177 | D:4      | Found a staircase to the Ecumenical Temple.
  2186 | D:4      | Reached skill level 5 in Axes
  2186 | D:4      | Reached XP level 5. HP: 47/47 MP: 4/4
  2189 | Temple   | Entered the Ecumenical Temple
  2408 | D:4      | Found a sacrificial altar of Ru.
  2511 | D:4      | Noticed nht's ghost (amateur OgHu)
  2692 | D:3      | Reached XP level 6. HP: 44/53 MP: 5/5
  2762 | D:4      | Killed nht's ghost
  2762 | D:4      | Reached skill level 5 in Fighting
  2762 | D:4      | Reached skill level 6 in Axes
  2906 | D:4      | Reached XP level 7. HP: 61/61 MP: 6/6
  3026 | D:4      | Found a shadowy altar of Dithmenos.
  3073 | D:4      | Reached skill level 5 in Armour
  3272 | D:4      | Found a burning altar of Makhleb.
  3425 | D:5      | Entered Level 5 of the Dungeon
  3574 | D:5      | Reached skill level 5 in Dodging
  3597 | D:5      | Noticed Duvessa
  3597 | D:5      | Noticed Dowan
  3620 | D:5      | Killed Duvessa
  3620 | D:5      | Reached skill level 7 in Axes
  3620 | D:5      | Reached skill level 1 in Shields
  3630 | D:5      | Killed Dowan
  3738 | D:5      | Noticed Ijyb
  3749 | D:5      | Found an iron altar of Okawaru.
  3761 | D:4      | Reached XP level 8. HP: 64/70 MP: 7/7
  3857 | D:5      | Noticed Blork the orc
  3880 | D:4      | Killed Blork the orc
  4072 | D:5      | Noticed Edmund
  4087 | D:5      | Mangled by an ogre

Vault maps used:
D:1:      lemuel_arrival_hallway
D:2:      first_bread, uniq_jessica
D:3:      nicolae_qazlal_general_emergency, minmay_misc_feat_columns
D:4:      lemuel_round_altar, demons_altar, minmay_temple_entry_statues_pillars,
          nicolae_ru_the_path_less_chosen
D:5:      overflow_temple_1_default, uniq_duvessa, uniq_blork_the_orc,
          uniq_ijyb, uniq_edmund
Temple:   nicolae_temple_god_jail

Skill      XL: |  1  2  3  4  5  6  7  8 |
---------------+-------------------------+-----
Armour         | 1 2 3 4 6 |  6.7
Axes           | 4 5 6 7 |  7.8
Fighting       | 4 5 6 |  6.0
Dodging        | 4 5 |  5.5
Shields        | 1 2 |  2.4
Stealth        | |  1.5

Action                   |  1- 3 |  4- 6 |  7- 9 || total
-------------------------+-------+-------+-------++-------
Melee: Hand axe          |    86 |   134 |   124 ||   344
       Headbutt          |    13 |    25 |    34 ||    72
  Use: Scroll            |       |     7 |     1 ||     8
       Potion            |       |     1 |       ||     1
 Stab: Sleeping          |     1 |       |       ||     1
  Eat: Chunk             |     2 |     4 |       ||     6
       Bread ration      |       |       |     1 ||     1
Armor: Robe              |     5 |       |       ||     5
       Ring mail         |    24 |    24 |       ||    48
       Plate armour      |       |    44 |    72 ||   116
Dodge: Dodged            |    44 |    48 |    31 ||   123
Block: Other             |       |    17 |     2 ||    19
       Buckler           |       |       |    48 ||    48

Table legend:
 A = Spawn XP
 B = Non-spawn XP
 C = Spawn XP percentage of total XP
 D = Spawn monster count
 E = Non-spawn monster count
 F = Spawn count percentage of total count
 G = Total turns spent on level
                    A         B        C        D         E        F      G
               +---------+---------+-------+---------+---------+-------+---------
         Total |       0 |    1929 |   0.0 |       0 |      83 |   0.0 |  4087
               +---------+---------+-------+---------+---------+-------+---------
           D:1 |       0 |      60 |   0.0 |       0 |      24 |   0.0 |  1157
           D:2 |       0 |      31 |   0.0 |       0 |       8 |   0.0 |   228
           D:3 |       0 |     151 |   0.0 |       0 |      26 |   0.0 |   918
           D:4 |       0 |    1044 |   0.0 |       0 |      17 |   0.0 |  1437
           D:5 |       0 |     643 |   0.0 |       0 |       8 |   0.0 |   294
               +---------+---------+-------+---------+---------+-------+---------
